 Dungeon Crawl Stone Soup version 0.21-a0-591-g2314aa1 (webtiles) character file.

207 Lanoc the Digger (level 5, -8/38 HPs)
             Began as a Draconian Earth Elementalist on Dec 22, 2017.
             Killed from afar by an orc wizard (9 damage)
             ... with a magic dart
             ... on level 4 of the Dungeon.
             The game lasted 00:08:28 (2198 turns).

Lanoc the Digger (Draconian Earth Elementalist)     Turns: 2198, Time: 00:08:29

Health: -8/38      AC:  5    Str: 10    XL:     5   Next: 54%
Magic:  9/9        EV: 13    Int: 17    God:
Gold:   124        SH:  0    Dex: 11    Spells: 0/10 levels left

rFire    . . .     SeeInvis .   g - +0 dagger (venom)
rCold    . . .     Gourm    .   (no shield)
rNeg     . . .     Faith    .   (armour unavailable)
rPois    .         Spirit   .   (helmet restricted)
rElec    .         Reflect  .   (no cloak)
rCorr    .         Harm     .   (no gloves)
MR       .....                  (no boots)
Stlth    ++........             k - amulet of magic regeneration
HPRegen  0.12/turn              (no ring)
MPRegen  0.36/turn              (no ring)

@: no status effects
A: unfitting armour, cold-blooded, AC +5
a: no special abilities


You were on level 4 of the Dungeon.
You were not hungry.

You visited 1 branch of the dungeon, and saw 4 of its levels.

You collected 124 gold pieces.

Inventory:

Hand Weapons
 g - a +0 dagger of venom (weapon)
Missiles
 b - 81 stones (quivered)
 t - a throwing net
Jewellery
 k - an amulet of magic regeneration (around neck)
 n - a +3 amulet of reflection {unknown}
Scrolls
 e - 4 scrolls of remove curse {unknown}
 f - 3 scrolls of identify {unknown}
 l - a scroll of random uselessness {unknown}
 o - a scroll of fear {unknown}
 r - a scroll of magic mapping {unknown}
 s - a scroll of amnesia {unknown}
Potions
 h - a potion of haste {unknown}
 i - a potion of magic {unknown}
 j - a potion of might {unknown}
 m - 3 potions of agility {unknown}
 p - a potion of flight {unknown}
 q - a potion of berserk rage {unknown}
 u - a potion of cancellation {unknown}
Books
 d - a book of Geomancy

   Spells                             Type                      Level
   a - Sandblast                      Earth                        1
   b - Passwall                       Transmutation/Earth          2
   c - Stone Arrow                    Conjuration/Earth            3
   d - Petrify                        Transmutation/Earth          4
   e - Lee's Rapid Deconstruction     Earth                        5
Comestibles
 c - 4 rations


   Skills:
 + Level 3.0 Dodging
 - Level 1.7 Stealth
 + Level 3.1 Spellcasting
 - Level 1.0 Transmutations
 * Level 4.9 Earth Magic


You couldn't memorise any spells.
You knew the following spells:

 Your Spells              Type           Power        Failure   Level  Hunger
a - Sandblast             Erth           ###...       2%          1    None
b - Passwall              Tmut/Erth      ##........   8%          2    ##.....
c - Stone Arrow           Conj/Erth      ##....       19%         3    ###....
d - Petrify               Tmut/Erth      ##......     45%         4    ####...


Dungeon Overview and Level Annotations

Branches:
Dungeon (4/15)
 Temple: D:4-7

Altars:
Uskayaw


Innate Abilities, Weirdness & Mutations

Your plain brown scales are hard. (AC +5)
You cannot fit into any form of body armour.
You are cold-blooded and may be slowed by cold attacks.


Message History

The orc wizard looks braver for a moment.
The orc wizard hits you but does no damage.
You miss something.
Your tail-slap misses something.
Something hits you. The orc wizard hits you with a dagger.
The orc wizard closely misses you.
You barely miss something.
Your tail-slap misses something.
You kill the orc wizard!
Your Dodging skill increases to level 3!
You hear some strange, mumbled words.
The orc wizard barely misses you.
You hit something.
You hear some strange, mumbled words.
A magic dart appears from out of thin air!
The magic dart hits you!
* * * LOW HITPOINT WARNING * * *
Something hits you but does no damage. The orc wizard hits you with a dagger.
* * * LOW HITPOINT WARNING * * *
Okay, then.
The orc wizard gestures at you while chanting.
The magic dart hits you!
You die...

########
####..@<..#
+...)....##
#...o....#
#........#
###.....##
#######


You could see an orc wizard.

Vanquished Creatures
  2 orc wizards
  A hound zombie (D:2)
  A gnoll (D:1)
  4 adders
  A shadow imp (D:3)
  3 oozes
  A worm (D:2)
  A dart slug (D:2)
  A leopard gecko (D:2)
  5 orcs (D:3)
  A giant cockroach (D:2)
  7 goblins
  4 hobgoblins
  4 jackals (D:3)
  A quokka (D:2)
  6 bats
  3 frilled lizards (D:2)
  7 kobolds
  8 rats
61 creatures vanquished.

Notes
Turn   | Place    | Note
-------+----------+-------------------------------------------
     0 | D:1      | Lanoc the Draconian Earth Elementalist began the quest for the Orb.
     0 | D:1      | Reached XP level 1. HP: 14/14 MP: 3/3
    52 | D:1      | Reached XP level 2. HP: 7/20 MP: 0/5
   620 | D:1      | Reached XP level 3. HP: 26/26 MP: 2/6
   915 | D:2      | Learned a level 2 spell: Passwall
   919 | D:2      | Learned a level 3 spell: Stone Arrow
   987 | D:2      | Reached skill level 4 in Earth Magic
  1015 | D:2      | Reached XP level 4. HP: 28/33 MP: 3/7
  1330 | D:2      | Found a hide-covered altar of Uskayaw.
  1912 | D:3      | Reached XP level 5. HP: 33/38 MP: 9/9
  2179 | D:3      | Learned a level 4 spell: Petrify
  2197 | D:4      | HP: 1/38 [orc wizard/dagger (4)]
  2198 | D:4      | Killed from afar by an orc wizard

Vault maps used:
D:1:      sevenhm_arrival_forest_fort_small_1
D:2:      eat_drink_and_be_merry_uskayaw
D:4:      old_standard_altar, nicolae_overflow_crystal_walls, kennysheep_doodads

Skill      XL: |  1  2  3  4  5 |
---------------+----------------+-----
Dodging        | 2 3 |  3.0
Earth Magic    | 4 |  4.9
Spellcasting   | 3 |  3.1
Stealth        | |  1.7
Transmutations | |  1.0

Action                   |  1- 3 |  4- 6 || total
-------------------------+-------+-------++-------
Melee: Unarmed           |    43 |    20 ||    63
       Tailslap          |     6 |    14 ||    20
       Dagger            |       |   120 ||   120
 Cast: Sandblast         |    42 |     8 ||    50
 Stab: Sleeping          |       |     2 ||     2
  Eat: Chunk             |     1 |     4 ||     5
Armor: Skin              |    20 |    33 ||    53
Dodge: Dodged            |    30 |    93 ||   123

Table legend:
 A = Spawn XP
 B = Non-spawn XP
 C = Spawn XP percentage of total XP
 D = Spawn monster count
 E = Non-spawn monster count
 F = Spawn count percentage of total count
 G = Total turns spent on level
                    A         B        C        D         E        F      G
               +---------+---------+-------+---------+---------+-------+---------
         Total |       0 |     296 |   0.0 |       0 |      61 |   0.0 |  2198
               +---------+---------+-------+---------+---------+-------+---------
           D:1 |       0 |      45 |   0.0 |       0 |      14 |   0.0 |   748
           D:2 |       0 |      98 |   0.0 |       0 |      26 |   0.0 |   769
           D:3 |       0 |     113 |   0.0 |       0 |      20 |   0.0 |   666
           D:4 |       0 |      40 |   0.0 |       0 |       1 |   0.0 |    15
               +---------+---------+-------+---------+---------+-------+---------
